[ AOE2 MATCH · #477829843 ]
UnrankedEthiopians vs Maya
Player's team · WIN
Rival team · LOSS
[ REPLAY ANALYSIS · EXTRACTED FROM THE RECORDED GAME ]
Feudal
9:51
Castle
24:43
Imperial
—
| APM avg | 49.4 |
| APM peak | 113 |
| eAPM avg | 17.3 |
| Villagers / military | 61 / 64 |
Focus
⚔️ 42.3% · 🌾 57.7%
Archer ×59 · Skirmisher ×3 · Mangonel ×2
Feudal
9:02
Castle
27:22
Imperial
—
| APM avg | 50.4 |
| APM peak | 113 |
| eAPM avg | 24.2 |
| Villagers / military | 80 / 63 |
Focus
⚔️ 20.2% · 🌾 79.8%
Archer ×39 · Skirmisher ×21 · Mangonel ×2 · Spearman ×1
Match map
Initial resources + every placement click. Lines = walls · curves = elevation contours. ◆ gold · ⬟ stone · ● berries · ✦ relic · ◌ wall gap
Your base· ✓ Closed at 24:43 · 76t walls · 2 gate(s)
Bandolero's base· ✓ Closed at 27:22 · 35t walls · 1 gate(s)
Smoothed initial terrain · ◌ = detected wall gap · hover for details
Inputs per minute
— Salven - - Bandolero
Build order — Salven
First 150 of 230 actions detected
| 0:05 | Build | House |
| 0:06 | Build | House |
| 0:07 | Create | Villager (Male) |
| 0:10 | Create | Villager (Male) |
| 0:10 | Create | Villager (Male) |
| 0:10 | Create | Villager (Male) |
| 0:11 | Create | Villager (Male) |
| 1:35 | Create | Villager (Male) |
| 1:50 | Build | Lumber Camp |
| 2:05 | Create | Villager (Male) |
| 2:23 | Create | Villager (Male) |
| 2:23 | Create | Villager (Male) |
| 2:56 | Create | Villager (Male) |
| 2:57 | Create | Villager (Male) |
| 3:12 | Create | Villager (Male) |
| 3:56 | Create | Villager (Male) |
| 3:57 | Create | Villager (Male) |
| 3:57 | Create | Villager (Male) |
| 4:00 | Build | House |
| 4:18 | Create | Villager (Male) |
| 4:24 | Build | House |
| 4:26 | Build | Palisade Wall |
| 4:28 | Build | Palisade Wall |
| 5:04 | Create | Villager (Male) |
| 5:05 | Create | Villager (Male) |
| 5:05 | Create | Villager (Male) |
| 5:55 | Create | Villager (Male) |
| 6:03 | Build | Mill |
| 6:09 | Create | Villager (Male) |
| 6:14 | Research | Loom |
| 7:35 | Research | Feudal Age |
| 8:16 | Build | Barracks |
| 8:29 | Build | Mining Camp |
| 9:01 | Build | Palisade Wall |
| 9:01 | Build | Palisade Wall |
| 9:02 | Build | Palisade Wall |
| 9:07 | Build | Palisade Wall |
| 9:07 | Build | Palisade Wall |
| 9:08 | Build | Palisade Wall |
| 9:08 | Build | Palisade Wall |
| 9:09 | Build | Palisade Wall |
| 9:17 | Build | House |
| 9:33 | Build | Palisade Wall |
| 9:51 | Age | Feudal Age |
| 9:54 | Build | Archery Range |
| 9:56 | Create | Villager (Male) |
| 9:57 | Create | Villager (Male) |
| 10:03 | Research | Double-Bit Axe |
| 10:03 | Research | Double-Bit Axe |
| 10:04 | Create | Villager (Male) |
| 10:30 | Create | Villager (Male) |
| 10:38 | Create | Archer |
| 10:39 | Create | Archer |
| 10:49 | Create | Villager (Male) |
| 10:54 | Create | Archer |
| 11:09 | Build | Blacksmith |
| 11:15 | Build | House |
| 11:17 | Build | Palisade Wall |
| 11:20 | Create | Villager (Male) |
| 11:29 | Build | Farm |
| 11:40 | Create | Archer |
| 11:56 | Create | Villager (Male) |
| 12:02 | Research | Fletching |
| 12:09 | Build | Archery Range |
| 12:12 | Create | Archer |
| 12:15 | Create | Villager (Male) |
| 12:18 | Create | Villager (Male) |
| 12:35 | Create | Archer |
| 12:35 | Create | Archer |
| 12:38 | Build | Farm |
| 12:38 | Create | Villager (Male) |
| 13:01 | Build | House |
| 13:28 | Create | Archer |
| 13:30 | Create | Villager (Male) |
| 13:33 | Create | Archer |
| 13:40 | Build | Mill |
| 13:48 | Build | House |
| 13:49 | Build | Palisade Wall |
| 13:53 | Create | Archer |
| 13:54 | Create | Villager (Male) |
| 14:00 | Research | Padded Archer Armor |
| 14:12 | Build | Farm |
| 14:18 | Build | House |
| 14:21 | Build | Palisade Wall |
| 14:31 | Create | Archer |
| 14:31 | Create | Archer |
| 14:37 | Build | House |
| 14:39 | Build | Palisade Wall |
| 14:46 | Create | Villager (Male) |
| 14:53 | Build | House |
| 14:56 | Build | Palisade Wall |
| 14:59 | Build | Palisade Gate |
| 15:05 | Create | Archer |
| 15:05 | Create | Archer |
| 15:05 | Create | Villager (Male) |
| 15:23 | Build | Farm |
| 15:25 | Build | Farm |
| 15:28 | Research | Horse Collar |
| 15:28 | Research | Horse Collar |
| 15:48 | Create | Archer |
| 15:49 | Create | Archer |
| 15:58 | Build | House |
| 15:58 | Build | House |
| 16:10 | Create | Archer |
| 16:11 | Create | Archer |
| 16:32 | Build | Palisade Gate |
| 16:55 | Build | Mining Camp |
| 17:12 | Create | Villager (Male) |
| 17:20 | Create | Skirmisher |
| 17:21 | Create | Skirmisher |
| 17:21 | Create | Skirmisher |
| 17:22 | Create | Villager (Male) |
| 17:36 | Create | Villager (Male) |
| 17:52 | Build | Mining Camp |
| 18:00 | Build | House |
| 18:02 | Build | Palisade Wall |
| 18:08 | Build | House |
| 18:09 | Build | Palisade Wall |
| 18:15 | Create | Villager (Male) |
| 18:16 | Create | Archer |
| 18:56 | Build | Farm |
| 18:56 | Build | Farm |
| 18:56 | Build | Farm |
| 18:57 | Create | Villager (Male) |
| 18:57 | Create | Villager (Male) |
| 19:14 | Build | Farm |
| 19:25 | Build | Farm |
| 19:25 | Create | Villager (Male) |
| 19:38 | Build | Market |
| 21:03 | Create | Archer |
| 21:04 | Create | Archer |
| 21:04 | Create | Archer |
| 22:03 | Research | Castle Age |
| 22:13 | Build | Archery Range |
| 22:17 | Create | Archer |
| 22:36 | Create | Archer |
| 22:36 | Create | Archer |
| 22:36 | Create | Archer |
| 22:42 | Build | House |
| 23:08 | Create | Archer |
| 23:08 | Create | Archer |
| 23:09 | Create | Villager (Male) |
| 23:17 | Build | House |
| 23:19 | Build | Palisade Wall |
| 23:31 | Create | Archer |
| 23:32 | Create | Archer |
| 23:36 | Research | Gold Mining |
| 23:36 | Research | Gold Mining |
| 24:04 | Build | Lumber Camp |
| 24:17 | Create | Archer |
Build order — Bandolero
First 150 of 227 actions detected
| 0:01 | Research | Loom |
| 0:02 | Build | House |
| 0:04 | Build | House |
| 0:22 | Create | Villager (Male) |
| 0:22 | Create | Villager (Male) |
| 0:23 | Create | Villager (Male) |
| 1:25 | Create | Villager (Male) |
| 2:08 | Create | Villager (Male) |
| 2:28 | Create | Villager (Male) |
| 2:28 | Create | Villager (Male) |
| 2:42 | Build | Lumber Camp |
| 2:43 | Create | Villager (Male) |
| 3:05 | Create | Villager (Male) |
| 3:06 | Create | Villager (Male) |
| 3:31 | Create | Villager (Male) |
| 3:38 | Create | Villager (Male) |
| 3:55 | Build | House |
| 3:57 | Build | House |
| 4:07 | Create | Villager (Male) |
| 4:29 | Create | Villager (Male) |
| 4:56 | Create | Villager (Male) |
| 4:56 | Create | Villager (Male) |
| 4:56 | Create | Villager (Male) |
| 5:23 | Build | Mining Camp |
| 6:52 | Research | Feudal Age |
| 7:41 | Build | Barracks |
| 8:37 | Build | House |
| 9:02 | Age | Feudal Age |
| 9:05 | Build | Archery Range |
| 9:19 | Create | Villager (Male) |
| 9:20 | Create | Villager (Male) |
| 9:23 | Research | Double-Bit Axe |
| 9:35 | Build | Mill |
| 9:36 | Create | Spearman |
| 10:02 | Build | Archery Range |
| 10:04 | Create | Archer |
| 10:13 | Create | Villager (Male) |
| 10:22 | Build | Palisade Wall |
| 10:34 | Build | House |
| 10:35 | Create | Archer |
| 10:46 | Create | Villager (Male) |
| 10:55 | Build | House |
| 11:01 | Build | Blacksmith |
| 11:02 | Create | Archer |
| 11:20 | Build | House |
| 11:21 | Create | Archer |
| 11:26 | Build | House |
| 11:28 | Create | Villager (Male) |
| 11:40 | Create | Archer |
| 11:47 | Build | Palisade Wall |
| 12:00 | Create | Archer |
| 12:10 | Build | Palisade Wall |
| 12:15 | Create | Villager (Male) |
| 12:20 | Build | Farm |
| 12:22 | Create | Archer |
| 12:43 | Build | Farm |
| 12:54 | Create | Villager (Male) |
| 12:56 | Create | Archer |
| 12:57 | Create | Archer |
| 13:05 | Build | Palisade Wall |
| 13:06 | Build | Palisade Wall |
| 13:17 | Build | House |
| 13:18 | Build | House |
| 13:20 | Create | Archer |
| 13:24 | Build | Farm |
| 13:56 | Research | Fletching |
| 14:00 | Build | House |
| 14:02 | Build | House |
| 14:11 | Create | Archer |
| 14:24 | Build | Farm |
| 14:25 | Build | Farm |
| 14:30 | Build | Farm |
| 14:30 | Build | Farm |
| 14:30 | Build | Farm |
| 14:34 | Create | Villager (Male) |
| 14:40 | Create | Archer |
| 14:48 | Create | Archer |
| 14:56 | Create | Villager (Male) |
| 15:10 | Create | Villager (Male) |
| 15:21 | Build | House |
| 15:27 | Build | House |
| 15:28 | Build | House |
| 15:33 | Create | Villager (Male) |
| 15:34 | Create | Archer |
| 15:34 | Create | Archer |
| 15:55 | Create | Archer |
| 15:59 | Create | Skirmisher |
| 15:59 | Create | Skirmisher |
| 16:42 | Create | Villager (Male) |
| 16:45 | Create | Villager (Male) |
| 16:46 | Create | Archer |
| 16:46 | Create | Archer |
| 16:57 | Create | Villager (Male) |
| 17:16 | Create | Villager (Male) |
| 17:16 | Create | Villager (Male) |
| 17:18 | Create | Villager (Male) |
| 17:19 | Create | Archer |
| 17:19 | Create | Archer |
| 17:20 | Create | Villager (Male) |
| 17:22 | Build | House |
| 17:25 | Create | Villager (Male) |
| 17:35 | Create | Villager (Male) |
| 17:36 | Create | Archer |
| 17:36 | Create | Archer |
| 17:40 | Create | Villager (Male) |
| 17:49 | Research | Padded Archer Armor |
| 17:49 | Research | Padded Archer Armor |
| 18:04 | Build | Farm |
| 18:07 | Build | Farm |
| 18:17 | Create | Archer |
| 18:18 | Create | Villager (Male) |
| 18:25 | Create | Villager (Male) |
| 18:35 | Build | Lumber Camp |
| 18:36 | Build | Farm |
| 18:45 | Create | Archer |
| 18:53 | Build | Farm |
| 18:57 | Build | Farm |
| 19:06 | Create | Archer |
| 19:07 | Create | Archer |
| 19:14 | Create | Villager (Male) |
| 19:27 | Build | Palisade Gate |
| 19:33 | Create | Archer |
| 19:41 | Create | Villager (Male) |
| 20:05 | Create | Archer |
| 20:05 | Create | Archer |
| 20:32 | Create | Villager (Male) |
| 20:33 | Build | Farm |
| 20:35 | Build | House |
| 20:37 | Build | House |
| 20:43 | Build | Watch Tower |
| 20:44 | Create | Villager (Male) |
| 20:48 | Build | House |
| 20:50 | Build | House |
| 20:55 | Create | Archer |
| 20:58 | Create | Villager (Male) |
| 21:05 | Create | Archer |
| 21:07 | Build | Farm |
| 21:17 | Build | House |
| 21:19 | Create | Villager (Male) |
| 21:24 | Create | Skirmisher |
| 21:50 | Create | Villager (Male) |
| 21:55 | Create | Villager (Male) |
| 22:06 | Create | Villager (Male) |
| 22:21 | Create | Villager (Male) |
| 22:42 | Create | Villager (Male) |
| 23:05 | Build | Palisade Wall |
| 23:09 | Create | Villager (Male) |
| 23:13 | Create | Archer |
| 23:13 | Create | Archer |
| 23:27 | Build | Market |
Match timeline
| 4:26 | Salven · wall_segment Palisade Wall x1 |
| 4:28 | Salven · wall_segment Palisade Wall x3 |
| 7:41 | Bandolero · first_building Barracks |
| 8:16 | Salven · first_building Barracks |
| 9:01 | Salven · wall_segment Palisade Wall x1 |
| 9:01 | Salven · wall_segment Palisade Wall x1 |
| 9:02 | Salven · wall_segment Palisade Wall x1 |
| 9:02 | Bandolero · age_up feudal |
| 9:05 | Bandolero · first_building Archery Range |
| 9:07 | Salven · wall_segment Palisade Wall x1 |
| 9:07 | Salven · wall_segment Palisade Wall x1 |
| 9:08 | Salven · wall_segment Palisade Wall x1 |
| 9:08 | Salven · wall_segment Palisade Wall x1 |
| 9:09 | Salven · wall_segment Palisade Wall x1 |
| 9:33 | Salven · wall_segment Palisade Wall x1 |
| 9:51 | Salven · age_up feudal |
| 9:54 | Salven · first_building Archery Range |
| 10:22 | Bandolero · wall_segment Palisade Wall x4 |
| 11:17 | Salven · wall_segment Palisade Wall x12 |
| 11:47 | Bandolero · wall_segment Palisade Wall x10 |
| 12:10 | Bandolero · wall_segment Palisade Wall x10 |
| 13:05 | Bandolero · wall_segment Palisade Wall x8 |
| 13:06 | Bandolero · wall_segment Palisade Wall x3 |
| 13:49 | Salven · wall_segment Palisade Wall x4 |
| 14:21 | Salven · wall_segment Palisade Wall x12 |
| 14:39 | Salven · wall_segment Palisade Wall x5 |
| 14:56 | Salven · wall_segment Palisade Wall x6 |
| 18:02 | Salven · wall_segment Palisade Wall x12 |
| 18:09 | Salven · wall_segment Palisade Wall x5 |
| 21:57 | Salven · first_market_sell 100 wood |
| 21:58 | Salven · first_market_buy 100 food |
| 23:05 | Bandolero · wall_segment Palisade Wall x1 |
| 23:19 | Salven · wall_segment Palisade Wall x8 |
| 24:36 | Bandolero · first_market_sell 100 wood |
| 24:43 | Salven · age_up castle |
| 25:56 | Salven · wall_segment Palisade Wall x3 |
| 27:00 | Salven · wall_segment Palisade Wall x7 |
| 27:15 | Bandolero · first_market_buy 100 wood |
| 27:22 | Bandolero · age_up castle |
| 28:19 | Salven · first_building Siege Workshop |
| 29:34 | Bandolero · first_building Siege Workshop |
| 31:46 | Salven · wall_segment Palisade Wall x1 |
| 33:59 | Bandolero · first_building Castle |
| 34:17 | Bandolero · resign |
[ AI ANALYSIS · 1 CREDIT ]
What really happened in this match?
Wolo.gg analyzes every decision: build order, eco, micro, common mistakes by bracket. Personalized analysis on WhatsApp or Discord in 30 seconds.
Civ guide
Ethiopians
Perfil
Jugador #2332892